 Dungeon Crawl Stone Soup version 0.25.1-2-g60ff931df9 (webtiles) character file.

Game seed: 1349328653471539390

4223 Almogavar the Spear-Bearer (level 10, 0/77 HPs)
             Began as a Merfolk Gladiator on Sept 5, 2020.
             Was a Believer of the Shining One.
             Succumbed to a queen ant's poison
             ... on level 8 of the Dungeon.
             The game lasted 00:29:14 (9589 turns).

Almogavar the Spear-Bearer (Merfolk Gladiator)      Turns: 9589, Time: 00:29:14

Health: 0/77       AC: 13    Str: 17    XL:     10   Next: 30%
Magic:  10/10      EV: 15    Int:  8    God:    the Shining One [**....]
Gold:   568        SH:  0    Dex: 16    Spells: 9/9 levels left

rFire    . . .     SeeInvis +   A - +2 trident (venom)
rCold    . . .     Gourm    .   (no shield)
rNeg     + . .     Faith    .   C - +4 ring mail
rPois    +         Spirit   .   c - +0 helmet
rElec    .         Reflect  .   G - +0 cloak
rCorr    .         Harm     .   (no gloves)
MR       .....     Clarity  +   D - +0 pair of boots
Stlth    +.........             (no amulet)
HPRegen  0.22/turn              t - ring of see invisible
MPRegen  0.12/turn              z - ring of poison resistance

@: brilliant, lethally poisoned (0 -> -30), glowing, studying Throwing
A: change form in water, swift swim, stealthy swim, fangs 1, blurry vision 1,
clarity, wild magic 1
a: Divine Shield, Renounce Religion


You were on level 8 of the Dungeon.
You worshipped the Shining One.
The Shining One was pleased with you.
You were hungry.

You visited 1 branch of the dungeon, and saw 8 of its levels.
You also visited: Sewer.

You collected 568 gold pieces.

Inventory:

Hand Weapons
 A - a +2 trident of venom (weapon)
Missiles
 d - 4 throwing nets
 m - 8 boomerangs (quivered)
Armour
 c - a +0 helmet (worn)
 o - a +0 kite shield
 v - a +0 chain mail
 B - the +1 kite shield of the Poles {Harm rPois Str-3 SInv}
   (You took it off a gnoll sergeant on level 6 of the Dungeon)

   It affects your strength (-3).
   It protects you from poison.
   It lets you see invisible.
   It increases damage dealt and taken.
 C - a +4 ring mail (worn)
 D - a +0 pair of boots (worn)
 E - a +1 chain mail of fire resistance
 G - a +0 cloak (worn)
Jewellery
 a - an uncursed ring of ice
 t - a ring of see invisible (left hand)
 z - a ring of poison resistance (right hand)
Wands
 y - a wand of paralysis (6)
 H - a wand of digging (4)
Scrolls
 b - 4 scrolls of teleportation
 g - 2 scrolls of blinking
 i - a scroll of magic mapping
 n - a scroll of fog
 q - 2 scrolls of remove curse
 u - a scroll of amnesia
 x - a scroll of silence {unknown}
 F - a scroll of enchant weapon
Potions
 e - 2 potions of mutation
 j - 4 potions of magic
 k - 3 potions of lignification
 l - 3 potions of flight
 p - 2 potions of might
 s - a potion of haste
Books
 r - a manual of Throwing
Comestibles
 f - 20 rations
 h - 10 chunks of flesh


   Skills:
 + Level 6.6 Fighting
 + Level 13.6 Polearms
 + Level 7.1 Throwing
 + Level 3.8 Armour
 + Level 7.4 Dodging
 + Level 2.0 Stealth
 + Level 1.6 Shields
 + Level 1.3 Invocations


You had 9 spell levels left.
You didn't know any spells.
Your spell library contained the following spells:

 Spells                   Type           Power        Failure   Level  Hunger
 Corona                   Hex            #......      67%         1    None
 Ensorcelled Hibernation  Hex/Ice        #.....       82%         2    None
 Confusing Touch          Hex            #.......     95%         3    None
 Dazzling Flash           Conj/Hex       #.....       95%         3    None
 Tukima's Dance           Hex            #.......     95%         3    None


Dungeon Overview and Level Annotations

Branches:
Dungeon (8/15)             Temple (0/1) D:5           Sewer (visited)
   Lair: D:8-11

Altars:
Cheibriados
Dithmenos
Fedhas
Okawaru
Ru
Sif Muna
Uskayaw
Yredelemnul
The Shining One


Innate Abilities, Weirdness & Mutations

You revert to your normal form in water.
You are very nimble and swift while swimming.
You are very stealthy in the water. (Stealth+)
You have very sharp teeth.
Scrolls take you a little longer to read.
You possess an exceptional clarity of mind.
Your spells are a little harder to cast, but a little more powerful.


Message History

The queen ant stings you.
It was a potion of brilliance.
You feel clever all of a sudden.
You feel very sick. The queen ant stings you.
* * * LOW HITPOINT WARNING * * *
* * * LOW HITPOINT WARNING * * *
You feel very sick.
Some of the chunks of flesh in your inventory have rotted away.
* * * LOW HITPOINT WARNING * * *
You feel very sick.
* * * LOW HITPOINT WARNING * * *
You feel very sick.
* * * LOW HITPOINT WARNING * * *
You feel very sick.
* * * LOW HITPOINT WARNING * * *
You feel very sick.
* * * LOW HITPOINT WARNING * * *
You feel very sick.
You die...

.. .. # # .# .. #. ..##. .# $#
#.# .. #..a. !##### .# #.# # .#
##.... .....##.# #.###.##.#
..a..a###.###.##.#####.........#
.aa..a.#.###.........[.......#.#
#†#.##..##.###...###.#.#.#
#a#.aa.a.@.# #...#...#.#.#
a##..#..#### #...#.##..#.# .#
#..#...#####.........#.# ..
#.......................† .#
##............#.........# #.
#..##.##########.##.#### .
#..#### #.....# ..#.. #####.# ##
..


You could see a queen ant (very poisoned), a soldier ant and a worker ant.

Vanquished Creatures
  Harold (D:7)
  The ghost of Acheron the Charlatan, an amateur KoAr (D:6)
  2 soldier ants (D:8)
  2 sky beasts
  A necrophage (D:8)
  An ice beast (D:7)
  2 orc warriors
  A phantom (D:4)
  3 ogres (D:7)
  3 centaurs
  3 bullfrogs
  Blork the orc (D:6)
  2 big kobolds
  2 gnoll sergeants (D:6)
  4 scorpions
  2 howler monkeys
  A crimson imp (D:7)
  2 gnoll shamans
  3 orc priests
  4 hounds
  2 jellies (D:8)
  Crazy Yiuf (D:7)
  2 bullfrog skeletons
  2 iguanas
  5 orc wizards
  6 worker ants
  Natasha (thrice) (D:2)
  A killer bee zombie (D:5)
  2 howler monkey zombies
  18 gnolls
  8 adders
  3 river rats (Sewer)
  3 oozes
  A worm (D:2)
  2 dart slugs
  A leopard gecko (D:3)
  15 orcs
  3 bats
  7 giant cockroaches
  8 hobgoblins
  17 jackals
  6 quokkas
  A ball python (D:2)
  4 frilled lizards
  2 goblins (D:3)
  9 kobolds
  A leopard gecko skeleton (D:4)
  5 rats
179 creatures vanquished.

Vanquished Creatures (others)
  6 plants (D:6)
6 creatures vanquished.

Grand Total: 185 creatures vanquished

Notes
Turn   | Place    | Note
-------+----------+-------------------------------------------
     0 | D:1      | Almogavar the Merfolk Gladiator began the quest for the
                  | Orb.
     0 | D:1      | Reached XP level 1. HP: 16/16 MP: 1/1
   333 | D:1      | Reached XP level 2. HP: 21/22 MP: 2/2
   391 | D:1      | Reached skill level 5 in Polearms
   977 | D:2      | Reached XP level 3. HP: 27/27 MP: 3/3
  1495 | D:2      | Found a shimmering blue altar of Sif Muna.
  1495 | D:2      | Found a shadowy altar of Dithmenos.
  1501 | D:2      | Noticed Natasha
  1509 | D:2      | Killed Natasha
  1509 | D:2      | Reached XP level 4. HP: 30/34 MP: 4/4
  1876 | D:2      | Noticed Natasha
  1888 | D:2      | Killed Natasha
  1888 | D:2      | Reached skill level 6 in Polearms
  1888 | D:2      | Reached XP level 5. HP: 33/41 MP: 5/5
  2053 | D:2      | Noticed Natasha
  2063 | D:2      | Killed Natasha
  2230 | D:2      | Found a faded altar of an unknown god.
  2496 | D:3      | Reached skill level 1 in Armour
  2868 | D:3      | Found a glowing golden altar of the Shining One.
  2884 | D:3      | Noticed an angel
  2889 | D:3      | Became a worshipper of the Shining One
  2898 | D:3      | Found a basalt altar of Yredelemnul.
  2900 | D:3      | Noticed a profane servitor
  3120 | D:3      | Found a hide-covered altar of Uskayaw.
  3272 | D:4      | Reached skill level 7 in Polearms
  3373 | D:4      | Noticed a centaur
  3380 | D:4      | Reached XP level 6. HP: 47/47 MP: 6/6
  3383 | D:4      | Noticed a phantom
  3410 | D:4      | Reached skill level 5 in Dodging
  3410 | D:4      | Reached skill level 1 in Stealth
  3414 | D:4      | Reached skill level 8 in Polearms
  3441 | D:4      | Killed a phantom
  3441 | D:4      | Reached XP level 7. HP: 5/54 MP: 7/7
  4235 | D:5      | Entered Level 5 of the Dungeon
  4235 | D:5      | Reached * piety under the Shining One
  4240 | D:4      | Reached skill level 9 in Polearms
  4420 | D:5      | Found a staircase to the Ecumenical Temple.
  4919 | D:5      | Found a glowing drain.
  4940 | Sewer    | Entered a sewer
  4947 | Sewer    | Reached XP level 8. HP: 58/61 MP: 8/8
  5307 | Sewer    | Reached skill level 10 in Polearms
  5338 | Sewer    | Found a white marble altar of Elyvilon.
  5703 | D:5      | Found a sacrificial altar of Ru.
  5890 | D:6      | Reached skill level 5 in Fighting
  5963 | D:6      | Found a transporter.
  5974 | D:6      | Noticed Blork the orc
  5983 | D:6      | Killed Blork the orc
  5983 | D:6      | Reached skill level 11 in Polearms
  5991 | D:6      | Identified the +1 kite shield of the Poles {Harm rPois
                  | Str-3 SInv}
  5996 | D:6      | Reached ** piety under the Shining One
  6279 | D:6      | Found a transporter.
  6310 | D:6      | Noticed Acheron's ghost (amateur KoAr)
  6630 | D:6      | Killed Acheron's ghost
  6630 | D:6      | Reached XP level 9. HP: 15/68 MP: 9/9
  6633 | D:6      | HP: 3/68 [gnoll sergeant/+2 trident of venom (7)]
  7066 | D:7      | Reached skill level 12 in Polearms
  7318 | D:7      | Found a runed translucent door.
  7319 | D:7      | Noticed Crazy Yiuf
  7731 | D:7      | Reached skill level 1 in Shields
  8029 | D:7      | Noticed Harold
  8053 | D:7      | Killed Harold
  8053 | D:7      | Reached skill level 13 in Polearms
  8053 | D:7      | Reached skill level 5 in Throwing
  8053 | D:7      | Reached XP level 10. HP: 21/77 MP: 7/10
  8860 | D:7      | Killed Crazy Yiuf
  9010 | D:8      | Reached skill level 1 in Invocations
  9084 | D:8      | Found a snail-covered altar of Cheibriados.
  9084 | D:8      | Found an iron altar of Okawaru.
  9156 | D:8      | Got an ancient spear
  9157 | D:8      | Identified the cursed +2 spear of Compulsion {vamp, +Blink
                  | rF+ Stlth+} (You found it on level 8 of the Dungeon)
  9514 | D:8      | Found a blossoming altar of Fedhas.
  9551 | D:8      | Noticed a queen ant
  9581 | D:8      | Gained mutation: Scrolls take you a little longer to read.
                  | [potion of mutation]
  9581 | D:8      | Gained mutation: Your spells are a little harder to cast,
                  | but a little more powerful. [potion of mutation]
  9581 | D:8      | Gained mutation: You have very sharp teeth. [potion of
                  | mutation]
  9581 | D:8      | Gained mutation: You possess an exceptional clarity of
                  | mind. [potion of mutation]
  9588 | D:8      | HP: 2/77 [poisoned by a queen ant]
  9589 | D:8      | Succumbed to a queen ant's poison

Illustrated notes

Levels and vault maps discovered:
D:1:      dpeg_arrival_long_road, layout_basic, serial_rivers,
          chequers_serial_rivers_large_a, chequers_serial_rivers_micro_e,
          chequers_serial_rivers_room_a, chequers_serial_rivers_micro_e,
          chequers_serial_rivers_room_b, chequers_serial_rivers_micro_c,
          feat_on_display
D:2:      layout_basic, gammafunk_temple_overflow_elements,
          chequers_ecumenical_altar_simple, uniq_natasha
D:3:      layout_loops_ring, grunt_temple_overflow_holy_war,
          eat_drink_and_be_merry_uskayaw
D:4:      layout_rooms
D:5:      layout_loops_ring, nicolae_ru_the_path_less_chosen,
          minmay_temple_entry_offerings, gup_sewer_entry_glass, first_ration
D:6:      layout_rooms, gammafunk_ghost_gnarly_gnolls, uniq_blork_the_orc
D:7:      minmay_razor_zed, layout_loops_corners, uniq_harold,
          uniq_crazy_yiuf_cottage
D:8:      layout_loops_corners, fedhas_altar_2,
          chequers_temple_overflow_statue_of_worship, the_bakery,
          minmay_another_anthill

Skill      XL: |  1  2  3  4  5  6  7  8  9 10 |
---------------+-------------------------------+-----
Polearms       | 5 6 7 8 9 11 13 | 13.6
Fighting       | 3 4 5 6 |  6.6
Armour         | 1 2 3 |  3.8
Dodging        | 5 6 7 |  7.4
Stealth        | 1 2 |  2.0
Throwing       | 3 5 7 |  7.1
Shields        | 1 |  1.6
Invocations    | 1 |  1.3

Action                   |  1- 3 |  4- 6 |  7- 9 | 10-12 || total
-------------------------+-------+-------+-------+-------++-------
Melee: Trident           |    92 |   189 |   348 |    71 ||   700
Throw: Throwing net      |     2 |       |       |       ||     2
       Boomerang         |       |       |    44 |    29 ||    73
Invok: Divine Shield     |       |       |     2 |       ||     2
  Use: Scroll            |     3 |     1 |     9 |     1 ||    14
       Potion            |       |     2 |     5 |     2 ||     9
  Eat: Chunk             |     2 |     6 |    15 |     4 ||    27
Armor: Leather armour    |    19 |    23 |    42 |       ||    84
       Ring mail         |       |       |    16 |    14 ||    30
Dodge: Dodged            |    52 |   101 |   171 |    35 ||   359
Block: Other             |       |       |     6 |       ||     6
